 Dungeon Crawl Stone Soup version 0.27-a0-926-g0e6d912 (webtiles) character file.

Game seed: 17665510685372459806

1 GeorgeSoros the Cudgeller (level 1, -2/20 HPs)
             Began as a Deep Dwarf Berserker on Apr 9, 2021.
             Was a Follower of Trog.
             Succumbed to a goblin's poison
             ... on level 1 of the Dungeon.
             The game lasted 00:00:24 (67 turns).

GeorgeSoros the Cudgeller (Deep Dwarf Berserker)      Turns: 67, Time: 00:00:24

Health: -2/20      AC:  2    Str: 20    XL:     1   Next: 16%
Magic:  1/1        EV: 12    Int:  7    God:    Trog [*.....]
Gold:   0          SH:  0    Dex: 12    Spells: 0/0 levels left

rFire    . . .     SeeInvis .   a - +0 mace
rCold    . . .     Faith    .   (no shield)
rNeg     . . .     Spirit   .   b - +0 animal skin
rPois    .         Reflect  .   (no helmet)
rElec    .         Harm     .   (no cloak)
rCorr    .         Rampage  .   (no gloves)
Will     .....                  (no boots)
Stlth    +.........             (no amulet)
HPRegen  0.00/turn              (no ring)
MPRegen  0.07/turn              (no ring)

@: lethally poisoned (-2 -> -12), non-regenerating
A: damage resistance, heal wounds, sense surroundings 1, no regeneration
a: Heal Wounds, Renounce Religion, Berserk


You were on level 1 of the Dungeon.
You worshipped Trog.
Trog was aware of your devotion.
You visited 1 branch of the dungeon, and saw 1 of its levels.

Inventory:

Hand Weapons
 a - a +0 mace (weapon)
Armour
 b - a +0 animal skin (worn)
Potions
 c - a potion of flight {unknown}


   Skills:
 + Level 2.7 Fighting
 + Level 3.0 Maces & Flails
 + Level 2.2 Armour
 + Level 2.2 Dodging


You couldn't memorise any spells.
You didn't know any spells.
Your spell library was empty.

Dungeon Overview and Level Annotations

Branches:
Dungeon (1/15)

Altars:


Innate Abilities, Weirdness & Mutations

You are resistant to damage.
You can heal yourself by infusing magical energy.
You passively map a small area around you.
You do not regenerate.


Message History

Found a stone staircase leading down.
Okay, then.
The goblin hits you with a +1 dagger of venom.
The goblin barely misses you. The goblin hits you but does no damage.
You are poisoned.
The goblin closely misses you. The goblin hits you but does no damage.
You are more poisoned.
The goblin hits you with a +1 dagger of venom.
The goblin hits you but does no damage.
You are more poisoned.
The goblin hits you but does no damage.
You are more poisoned.
The goblin hits you with a +1 dagger of venom.
You are more poisoned.
The goblin closely misses you.
The goblin hits you with a +1 dagger of venom.
You are more poisoned.
The goblin misses you. The goblin barely misses you.
The goblin closely misses you. The goblin closely misses you.
The goblin hits you with a +1 dagger of venom.
You are more poisoned.
The goblin barely misses you. The goblin barely misses you.
The goblin misses you.
The goblin hits you with a +1 dagger of venom.
You are more poisoned.
The goblin hits you with a +1 dagger of venom.
The goblin hits you with a +1 dagger of venom.
You are more poisoned.
The goblin hits you with a +1 dagger of venom.
You are more poisoned.
* * * LOW HITPOINT WARNING * * *
You feel very sick.
The goblin hits you with a +1 dagger of venom.
You are lethally poisoned!
You die...

, #. .....# *
* #.#.. .. ,
....... *
#...#. * *
#....,, * *
##.###...# # *
#......g.#.# *
* ##.@..># * ,
##...#### * ,
#.....# *,
*#.#....# #
##.#.# ***
#.#.########,
#..........#
###....###.#..
*,* #..#.# ..


You could see a goblin.

Vanquished Creatures
  A quokka (D:1)
1 creature vanquished.

Notes
Turn   | Place    | Note
-------+----------+-------------------------------------------
     0 | D:1      | GeorgeSoros the Deep Dwarf Berserker began the quest for
                  | the Orb.
     0 | D:1      | Reached XP level 1. HP: 20/20 MP: 1/1
    67 | D:1      | Succumbed to a goblin's poison

Illustrated notes

Levels and vault maps discovered:
D:1:      dpeg_arrival_shrine, layout_loops_ring, ebering_ecumenical_altar_hall

Action                   || total
-------------------------++-------
Melee: Mace              ||     4
Armor: Animal skin       ||     4
Dodge: Dodged            ||    12

Table legend: (Time is in decaauts)
 A = Elapsed time spent in this place.
 B = Non-inter-level travel time spent in this place.
 C = Inter-level travel time spent in this place.
 D = Time resting spent in this place.
 E = Time spent auto-exploring this place.
 F = Levels seen in this place.
 G = Mean time per level.
                   A        B        C        D        E       F      G
               +--------+--------+--------+--------+--------+-----+--------+
         Total |     68 |     68 |      0 |      0 |     30 |   1 |   68.0 |
       Dungeon |     68 |     68 |      0 |      0 |     30 |   1 |   68.0 |
               +--------+--------+--------+--------+--------+-----+--------+

Top non-repeatable levels by time:
     D:1: 68 daAuts
